 Dungeon Crawl Stone Soup version 0.27.1-35-g4d5d836560 (webtiles) character file.

Game seed: 2559835923682790420

1981 Delamore the Covert (level 9, -1/55 HPs)
             Began as an Octopode Brigand on Apr 18, 2022.
             Was an Initiate of Gozag.
             Slain by a sky beast (6 damage)
             ... on level 7 of the Dungeon.
             The game lasted 00:07:49 (6871 turns).

Delamore the Covert (Octopode Brigand)              Turns: 6871, Time: 00:07:49

Health: -1/55      AC:  1    Str: 11    XL:     9   Next: 20%
Magic:  9/9        EV: 13    Int: 13    God:    Gozag
Gold:   153        SH:  5    Dex: 16    Spells: 8/8 levels left

rFire    . . .     SeeInvis +   E - +2 dagger (elec)
rCold    . . .     Faith    .   (no shield)
rNeg     . . .     Spirit   .   (helmet restricted)
rPois    .         Reflect  +   e - amulet of reflection
rElec    .         Harm     .   j - ring of see invisible
rCorr    .         Rampage  .   (no ring)
Will     .....                  (no ring)
Stlth    +++++.....             (no ring)
HPRegen  0.18/turn              (no ring)
MPRegen  0.11/turn              (no ring)
                                (no ring)
                                (no ring)

@: no status effects
A: almost no armour, amphibious, 8 rings, camouflage 1, gelatinous body 1,
(nimble swimmer 1), tentacles
a: Renounce Religion, Potion Petition, Call Merchant, Bribe Branch


You were on level 7 of the Dungeon.
You worshipped Gozag.
Gozag was aware of your devotion.
You visited 2 branches of the dungeon, and saw 8 of its levels.

You collected 301 gold pieces.
You spent 78 gold pieces at shops.
You paid 70 gold pieces to Gozag.

Inventory:

Hand Weapons
 p - a +4 dagger of protection
 u - a +0 short sword of venom
 D - a +2 dagger of freezing
 E - a +2 dagger of electrocution (weapon)
Missiles
 b - 2 poisoned darts (quivered)
Jewellery
 e - an amulet of reflection (around mantle)
 j - a ring of see invisible (left tentacle)
 v - a ring of fire
 w - a ring of fire
Wands
 q - a wand of flame (21)
 x - a wand of polymorph (8)
 y - a wand of acid (1)
Scrolls
 f - a scroll of amnesia
 g - a scroll of immolation
 k - a scroll of noise {unknown}
 l - a scroll of teleportation {unknown}
 n - a scroll of torment {unknown}
 A - a scroll of identify {unknown}
 B - a scroll of fear {unknown}
 C - a scroll of holy word {unknown}
Potions
 d - a potion of berserk rage {unknown}
 i - a potion of mutation {unknown}
 o - a potion of attraction
 s - a potion of curing {unknown}
 t - 2 potions of magic {unknown}
 z - 2 potions of resistance {unknown}


   Skills:
 + Level 2.7 Fighting
 - Level 10.0 Short Blades
 - Level 2.0 Throwing
 + Level 2.0 Dodging
 - Level 10.0 Stealth


You had 8 spell levels left.
You didn't know any spells.
Your spell library contained the following spells:

 Spells                   Type           Power      Damage    Failure   Level
 Static Discharge         Conj/Air       0%         N/A       43%         2
 Lightning Bolt           Conj/Air       0%         1d11      100%        5
 Maxwell's Capacitive Co  Air            0%         ∞         100%        8


Dungeon Overview and Level Annotations

Branches:
Dungeon (7/15)             Temple (1/1) D:4

Altars:
Ashenzari
Cheibriados
Dithmenos
Elyvilon
Fedhas
Gozag
Hepliaklqana
Makhleb
Nemelex Xobeh
Okawaru
Qazlal
Ru
Sif Muna
Trog
Uskayaw
Vehumet
Wu Jian
Xom
Zin

Shops:
D:2 [   D:6 *

Annotations:
D:4 1 runed translucent door, Delamore's ghost, amateur OpBr


Innate Abilities, Weirdness & Mutations

You cannot wear most types of armour.
You are amphibious.
You can wear up to eight rings at the same time.
Your skin changes colour to match your surroundings (Stealth+).
Your rubbery body absorbs attacks. (AC +1, EV +1)
((You are camouflaged near water. (Stealth+)))
You have tentacles for arms and can constrict up to eight enemies at once.


Message History

The sky beast is severely wounded.
You closely miss the sky beast.
The sky beast is severely wounded.
The sky beast hits you. The sky beast shocks you.
You are too injured to fight recklessly!
You are too injured to fight recklessly!
You are too injured to fight recklessly!
You are too injured to fight recklessly!
You are too injured to fight recklessly!
You are too injured to fight recklessly!
You are too injured to fight recklessly!
You are too injured to fight recklessly!
You are too injured to fight recklessly!
You are too injured to fight recklessly!
You are too injured to fight recklessly!
You are too injured to fight recklessly!
You are too injured to fight recklessly!
You are too injured to fight recklessly!
You are too injured to fight recklessly!
You are too injured to fight recklessly!
You are too injured to fight recklessly!
You are too injured to fight recklessly!
You hit the bullfrog. You grab the bullfrog.
The bullfrog is lightly wounded.
You constrict the bullfrog. You hit the bullfrog. You squeeze the bullfrog.
The bullfrog is heavily wounded.
You constrict the bullfrog, but do no damage.
The bullfrog misses you. The sky beast hits you. The sky beast shocks you.
You barely miss the bullfrog. You squeeze the bullfrog.
The bullfrog is heavily wounded.
You constrict the bullfrog. The bullfrog hits you!
* * * LOW HITPOINT WARNING * * *
You hit the bullfrog but do no damage.
The bullfrog is severely wounded.
You constrict the bullfrog. The sky beast hits you.
* * * LOW HITPOINT WARNING * * *
The sky beast shocks you.
You die...
Your body crumbles into a pile of gold.

#..........
..#..........
..#..........
....#..........
....#........<. ###+#
..# #######.##.
#....####..#### ####.###
#.......Y.§.§...#.......
#.....F@.§§...§.#§......
#.........)...§§........
#....##$≈§≈≈≈§§≈§.......
#######.≈.....§.§(......
#.......≈.#####.........
#.......≈.(...#(≈$......
#....##.≈.#._.#(≈....#..
#....##.≈.#..((.§..#####
#....#..§§#####.≈$.#


You could see a sky beast and a bullfrog.

Vanquished Creatures
  Duvessa (D:7)
  A black bear (D:5)
  A sky beast (D:7)
  A necrophage (D:5)
  3 ogres
  A phantom (D:4)
  A centaur (D:5)
  A kobold brigand (D:7)
  A bullfrog (D:7)
  3 scorpions
  Dowan (D:7)
  3 wights
  A howler monkey (D:3)
  3 orc priests
  6 hounds
  3 jellies
  A centaur skeleton (D:4)
  Terence (D:3)
  An orc wizard (D:5)
  A howler monkey skeleton (D:7)
  13 adders
  A shadow imp (D:5)
  A white imp (D:5)
  An ufetubus (D:5)
  A worm (D:2)
  5 dart slugs
  15 orcs
  7 endoplasms
  2 giant cockroaches (D:4)
  6 goblins
  9 hobgoblins
  5 jackals
  8 quokkas
  10 ball pythons
  2 frilled lizards
  11 kobolds
  A quokka skeleton (D:4)
  3 rats
136 creatures vanquished.

Notes
Turn   | Place    | Note
-------+----------+-------------------------------------------
     0 | D:1      | Delamore the Octopode Brigand began the quest for the Orb.
     0 | D:1      | Reached XP level 1. HP: 14/14 MP: 1/1
   147 | D:1      | Reached XP level 2. HP: 19/19 MP: 2/2
   723 | D:1      | Found a faded altar of an unknown god.
  1047 | D:2      | Reached XP level 3. HP: 24/24 MP: 3/3
  1083 | D:2      | Found Kotapa's Antique Armour Boutique.
  1349 | D:2      | Reached XP level 4. HP: 24/29 MP: 4/4
  2205 | D:3      | Found an ornate altar of the Wu Jian Council.
  2375 | D:3      | Reached XP level 5. HP: 34/34 MP: 5/5
  2439 | D:3      | Noticed Terence
  2454 | D:3      | Killed Terence
  3031 | D:4      | Noticed a phantom
  3038 | D:4      | Reached skill level 5 in Short Blades
  3041 | D:4      | Found a runed translucent door.
  3041 | D:4      | Noticed Delamore's ghost (amateur OpBr)
  3060 | D:4      | Killed a phantom
  3061 | D:4      | Reached XP level 6. HP: 31/39 MP: 6/6
  3519 | D:4      | You fall into a shaft and drop 1 floor!
  3519 | D:5      | Entered Level 5 of the Dungeon
  3537 | D:5      | Reached XP level 7. HP: 45/45 MP: 7/7
  3639 | D:5      | Found a blossoming altar of Fedhas.
  3646 | D:5      | Found a stormy altar of Qazlal.
  3803 | D:4      | Found a staircase to the Ecumenical Temple.
  3841 | Temple   | Entered the Ecumenical Temple
  4330 | D:5      | Reached XP level 8. HP: 37/50 MP: 8/8
  4749 | D:5      | Found a sparkling altar of Nemelex Xobeh.
  5331 | D:6      | Found Culesit's Assorted Antiques.
  5411 | D:6      | Bought a scroll labelled GOZEWNILLU for 26 gold pieces
  5411 | D:6      | Bought a scroll labelled DOALLA DICAOPT for 26 gold pieces
  5411 | D:6      | Bought a scroll labelled LOPUSM DERU for 26 gold pieces
  5475 | D:6      | Found an iron altar of Okawaru.
  5558 | D:6      | Found a bloodstained altar of Trog.
  5788 | D:6      | Found a glowing silver altar of Zin.
  5788 | D:6      | Found a faded altar of an unknown god.
  5794 | D:6      | Found a faded altar of an unknown god.
  5796 | D:6      | Found an opulent altar of Gozag.
  5798 | D:6      | Found a snail-covered altar of Cheibriados.
  5910 | D:6      | Became a worshipper of Gozag Ym Sagoz the Greedy
  6107 | D:7      | Reached skill level 10 in Stealth
  6387 | D:7      | Reached XP level 9. HP: 54/54 MP: 9/9
  6520 | D:7      | Noticed Dowan
  6521 | D:7      | Noticed Duvessa
  6525 | D:7      | Killed Dowan
  6526 | D:7      | Reached skill level 10 in Short Blades
  6527 | D:7      | Killed Duvessa
  6687 | D:7      | Found a shimmering altar of Xom.
  6871 | D:7      | Slain by a sky beast

Illustrated notes

Levels and vault maps discovered:
D:1:      roderic_crop_circles_arrival_small, layout_basic,
          dreamdust_ecumenical_altar_hidden_monk_grotto,
          hangedman_abyss_or_decor_stabs
D:2:      layout_basic, serial_glass, glass_columns_a, glass_columns_b,
          glass_columns_a, glass_columns_c, glass_columns_b, glass_columns_a,
          serial_shops, shop
D:3:      layout_basic, nicolae_wu_jian_wuxing_cycle, kennysheep_pointless_box,
          minmay_diced_spiral, uniq_terence
D:4:      layout_basic, minmay_temple_entry_butterflies,
          hellmonk_ghost_happy_afterlife, grunt_ministairs_13
D:5:      layout_basic, grunt_temple_overflow_forces_of_nature,
          nemelex_spade_bored_becter
D:6:      layout_cave_pools, mainiacjoe_overflow_catwalk,
          chequers_temple_overflow_minitemple, general_overflow_altar,
          serial_shops, shop
D:7:      layout_gridville, mainiacjoe_overflow_brackets, uniq_duvessa
Temple:   nicolae_temple_figure_zero

Skill      XL: |  1  2  3  4  5  6  7  8  9 |
---------------+----------------------------+-----
Short Blades   | 3 4 5 6 7 9 10 | 10.0
Stealth        | 6 7 8 10 | 10.0
Dodging        | 2 |  2.0
Fighting       | |  2.7
Throwing       | |  2.0

Action                   |  1- 3 |  4- 6 |  7- 9 || total
-------------------------+-------+-------+-------++-------
Melee: Dagger            |    47 |   125 |   184 ||   356
       Constrict         |     8 |    23 |    22 ||    53
       Tentacles         |     5 |    26 |    34 ||    65
Throw: Dart              |       |    12 |    24 ||    36
Evoke: Wand              |       |       |     3 ||     3
  Use: Scroll            |     1 |       |     1 ||     2
       Potion            |       |     1 |       ||     1
 Stab: Sleeping          |    13 |     7 |    19 ||    39
       Distracted        |       |       |     3 ||     3
Armor: Skin              |     3 |    17 |    20 ||    40
Dodge: Dodged            |     8 |    64 |    43 ||   115
Block: Other             |     6 |    27 |    17 ||    50
